 Dungeon Crawl Stone Soup version 0.28-a0-1033-g1a2f33fa85 (webtiles) character file.

Game seed: 1944143555211745081

3608 siradein the Ducker (level 9, 0/69 HPs)
             Began as a Vampire Gladiator on Dec 8, 2021.
             Was an Initiate of Yredelemnul.
             Slain by a killer bee (6 damage)
             ... on level 7 of the Dungeon.
             The game lasted 00:18:38 (6500 turns).

siradein the Ducker (Vampire Gladiator)             Turns: 6500, Time: 00:18:38

Health: 0/69       AC: 14    Str: 17    XL:     9   Next: 86%
Magic:  19/19      EV: 13    Int: 10    God:    Yredelemnul [......]
Gold:   308        SH:  0    Dex: 16    Spells: 8/8 levels left

rFire   . . .      SeeInvis +   r - +1 flail (vorpal)
rCold   . . .      Faith    .   (no shield)
rNeg    . . .      Spirit   .   F - +0 scale mail
rPois   .          Reflect  .   c - +0 helmet
rElec   .          Harm     .   (no cloak)
rCorr   .          Rampage  .   b - +0 pair of gloves
Will    .....                   i - +0 pair of boots
Stlth   ..........              E - amulet of regeneration
HPRegen 1.21/turn               e - +4 ring of protection
MPRegen 0.16/turn               n - ring of magical power

@: lethally poisoned (0 -> 0), healing quickly
A: alive, fangs 3, see invisible, vampiric 2
a: Exsanguinate, Renounce Religion


You were on level 7 of the Dungeon.
You worshipped Yredelemnul.
Yredelemnul was noncommittal.
You visited 2 branches of the dungeon, and saw 8 of its levels.
You also visited: Sewer.

You collected 308 gold pieces.

Inventory:

Hand Weapons
 r - a +1 vorpal flail (weapon)
Missiles
 d - 3 throwing nets
 h - 2 curare-tipped darts
 H - 25 poisoned darts (quivered)
Armour
 b - a +0 pair of gloves (worn)
 c - a +0 helmet (worn)
 i - a +0 pair of boots (worn)
 F - a +0 scale mail (worn)
Jewellery
 e - a +4 ring of protection (left hand)
 j - a ring of fire
 n - a ring of magical power (right hand)
 s - an amulet of guardian spirit
 E - an amulet of regeneration (around neck)
Wands
 k - a wand of polymorph (4)
 u - a wand of charming (8)
 B - a wand of flame (22)
 G - a wand of iceblast (8)
Scrolls
 a - a scroll of blinking
 o - a scroll of fog
 x - 3 scrolls of vulnerability {unknown}
 y - a scroll of summoning {unknown}
 A - 4 scrolls of brand weapon {unknown}
 C - a scroll of magic mapping {unknown}
 D - a scroll of teleportation {unknown}
Potions
 f - 2 potions of attraction {unknown}
 g - a potion of brilliance
 l - 2 potions of flight
 m - a potion of cancellation {unknown}
 p - a potion of might {unknown}
 q - a potion of magic {unknown}
 t - a potion of heal wounds
 v - 3 potions of curing
 w - 4 potions of mutation {unknown}
 z - a potion of haste {unknown}
 I - a potion of degeneration {unknown}


   Skills:
 + Level 5.9 Fighting
 + Level 5.7 Maces & Flails
 + Level 5.4 Throwing
 + Level 4.8 Armour
 + Level 7.6 Dodging
 + Level 1.4 Invocations
 + Level 1.6 Evocations


You had 8 spell levels left.
You didn't know any spells.
Your spell library contained the following spells:

 Spells                   Type           Power      Damage    Failure   Level
 Summon Small Mammal      Summ           0%         N/A       75%         1
 Call Canine Familiar     Summ           0%         N/A       98%         3
 Summon Guardian Golem    Hex/Summ       0%         N/A       98%         3


Dungeon Overview and Level Annotations

Branches:
Dungeon (7/15)             Temple (1/1) D:6           Sewer (visited)

Altars:
Ashenzari
Elyvilon
Fedhas
Gozag
Kikubaaqudgha
Makhleb
Nemelex Xobeh
Okawaru
Ru
Trog
Xom
Yredelemnul
Zin

Shops:
D:6 *


Innate Abilities, Weirdness & Mutations

Your natural rate of healing is accelerated.
You have razor-sharp teeth.
You have supernaturally acute eyesight. (SInv)
You are afflicted with vampirism and can become a bat while bloodless.


Message History

The killer bee closely misses you.
The killer bee stings you but does no damage.
The killer bee barely misses you.
The killer bee stings you but does no damage.
You sock the killer bee!
The killer bee is almost dead.
The killer bee stings you.
* * * LOW HITPOINT WARNING * * *
The killer bee stings you.
* * * LOW HITPOINT WARNING * * *
You are poisoned.
The killer bee poisons you!
The killer bee stings you but does no damage.
The killer bee completely misses you.
You miss the killer bee.
The killer bee is almost dead.
You feel very sick. The killer bee barely misses you.
The killer bee closely misses you. The killer bee stings you.
* * * LOW HITPOINT WARNING * * *
The killer bee closely misses you. x2
You miss the killer bee. Your bite misses the killer bee.
The killer bee is almost dead.
You feel sick.
The killer bee stings you but does no damage.
The killer bee misses you.
The killer bee stings you but does no damage. x2
The killer bee stings you.
* * * LOW HITPOINT WARNING * * *
You sock the killer bee!
You kill the killer bee!
Yredelemnul accepts your kill.
You feel sick.
The killer bee stings you but does no damage. x2
You closely miss the killer bee.
You feel sick.
The killer bee stings you but does no damage. x2
You closely miss the killer bee.
You feel sick. The killer bee misses you. The killer bee stings you.
You die...
Yredelemnul claims you as an undead slave.

#....# #.....#
###'#######.....#
#...........#####
#...........#
#...........#
#...........#
#...........#########
#########y###.......#
#...@.........#
#........>....#
#.............#
###############


You could see a killer bee.

Vanquished Creatures
  Sigmund (D:3)
  5 yaks
  An orc warrior (D:6)
  2 sky beasts
  An ice beast (D:6)
  5 necrophages
  A centaur (D:6)
  3 ogres
  3 kobold brigands
  A bullfrog (D:6)
  2 scorpions
  9 killer bees
  4 wights
  A human zombie (D:4)
  A bullfrog zombie (D:5)
  2 centaur zombies
  4 hounds
  A bullfrog skeleton (D:7)
  An orc priest (D:3)
  A jelly (D:6)
  An iguana (D:6)
  An orc wizard (D:3)
  A hound zombie (D:4)
  3 mummies (D:4)
  6 adders
  A gnoll (D:4)
  3 river rats
  A white imp (D:6)
  4 adder zombies (D:4)
  3 worms
  7 dart slugs
  14 orcs
  6 ball pythons
  5 endoplasms
  2 giant cockroaches
  6 goblins
  8 hobgoblins
  2 jackals (Sewer)
  16 kobolds
  7 quokkas
  3 bats
  3 frilled lizards
  7 rats
159 creatures vanquished.

Notes
Turn   | Place    | Note
-------+----------+-------------------------------------------
     0 | D:1      | siradein the Vampire Gladiator began the quest for the Orb.
     0 | D:1      | Reached XP level 1. HP: 16/16 MP: 1/1
   260 | D:1      | Reached XP level 2. HP: 19/22 MP: 2/2
   380 | D:1      | Found a faded altar of an unknown god.
  1095 | D:2      | Gained mutation: You are afflicted with vampirism and can
                  | become a bat while bloodless. [Vampire growth]
  1095 | D:2      | Reached XP level 3. HP: 20/27 MP: 3/3
  2031 | D:3      | Reached XP level 4. HP: 34/34 MP: 4/4
  2295 | D:3      | Reached skill level 4 in Dodging
  2419 | D:3      | Noticed Sigmund
  2445 | D:3      | Killed Sigmund
  2446 | D:3      | Reached skill level 1 in Armour
  2446 | D:3      | Reached XP level 5. HP: 28/41 MP: 5/5
  2711 | D:3      | Reached XP level 6. HP: 32/47 MP: 6/6
  3044 | D:4      | Noticed Edmund
  3050 | D:4      | Noticed Edmund
  3050 | D:4      | Edmund changed into Edmund the gnoll
  3054 | D:4      | Killed Edmund the gnoll
  3100 | D:4      | Found a burning altar of Makhleb.
  3126 | D:4      | Noticed a yak
  3128 | D:4      | Noticed a yak
  3162 | D:3      | Killed a yak
  3163 | D:3      | Reached skill level 5 in Dodging
  3163 | D:3      | Reached XP level 7. HP: 38/52 MP: 7/7
  3229 | D:4      | Noticed a yak
  3229 | D:4      | Noticed a yak
  3230 | D:4      | Noticed a yak
  3247 | D:3      | Killed a yak
  3267 | D:3      | Killed a yak
  3279 | D:3      | Killed a yak
  3280 | D:3      | Reached XP level 8. HP: 47/60 MP: 8/8
  3452 | D:4      | Found an opulent altar of Gozag.
  3795 | D:4      | Reached skill level 6 in Dodging
  3814 | D:4      | Found an ancient bone altar of Kikubaaqudgha.
  3977 | D:5      | Entered Level 5 of the Dungeon
  4138 | D:5      | Found a glowing drain.
  4180 | Sewer    | Entered a sewer
  4521 | D:5      | Reached skill level 5 in Fighting
  4818 | D:5      | Reached skill level 5 in Maces & Flails
  4867 | D:5      | Found an iron altar of Okawaru.
  5038 | D:5      | Reached XP level 9. HP: 61/68 MP: 9/9
  5252 | D:6      | Reached skill level 7 in Dodging
  5311 | D:6      | Found Huasorroo's Overcharged Wands.
  5379 | D:5      | Reached skill level 5 in Throwing
  5700 | D:6      | Found a staircase to the Ecumenical Temple.
  5710 | Temple   | Entered the Ecumenical Temple
  5779 | Temple   | Became a worshipper of Yredelemnul the Dark
  6316 | D:7      | Found a blossoming altar of Fedhas.
  6316 | D:7      | Found a broken altar of Ashenzari.
  6316 | D:7      | Found a shimmering altar of Xom.
  6316 | D:7      | Found a sacrificial altar of Ru.
  6328 | D:6      | Reached skill level 1 in Invocations
  6328 | D:6      | Reached skill level 1 in Evocations
  6500 | D:7      | Slain by a killer bee

Illustrated notes

Levels and vault maps discovered:
D:1:      mrwooster_arrival_statue_2, layout_basic,
          shapermc_ecumenical_altar_totnotflames, lemuel_another_geyser
D:2:      layout_loops_corners
D:3:      layout_loops_ring, uniq_sigmund
D:4:      layout_cave_pools, grunt_gozag_breadcrumbs,
          lemuel_mausoleum_altar_kikubaaqudgha, makhleb_heckhound_becter,
          uniq_edmund
D:5:      layout_gridville, mainiacjoe_overflow_alcove_4,
          gup_sewer_entry_bubbles
D:6:      layout_loops_ring, minmay_temple_entry_drinking_statues,
          eino_curves_02, nicolae_shop_overcharged_wands
D:7:      layout_gridville, chequers_temple_overflow_statue_of_worship,
          enter_ossuary_3
Temple:   nicolae_temple_figure_zero

Skill      XL: |  1  2  3  4  5  6  7  8  9 |
---------------+----------------------------+-----
Fighting       | 2 3 4 5 |  5.9
Throwing       | 2 3 4 5 |  5.4
Dodging        | 4 5 6 7 |  7.6
Maces & Flails | 3 4 5 |  5.7
Armour         | 1 2 4 |  4.8
Invocations    | 1 |  1.4
Evocations     | 1 |  1.6

Action                   |  1- 3 |  4- 6 |  7- 9 || total
-------------------------+-------+-------+-------++-------
Melee: Flail             |   154 |   135 |   446 ||   735
       Bite              |    16 |    11 |    65 ||    92
Evoke: Wand              |       |     6 |       ||     6
  Use: Potion            |       |     1 |     3 ||     4
       Scroll            |       |       |     5 ||     5
 Stab: Sleeping          |     2 |       |       ||     2
Armor: Leather armour    |    57 |    41 |       ||    98
       Chain mail        |       |    20 |   249 ||   269
       Scale mail        |       |       |   139 ||   139
Dodge: Dodged            |   116 |    79 |   396 ||   591

Table legend: (Time is in decaauts)
 A = Elapsed time spent in this place.
 B = Non-inter-level travel time spent in this place.
 C = Inter-level travel time spent in this place.
 D = Time resting spent in this place.
 E = Time spent auto-exploring this place.
 F = Levels seen in this place.
 G = Mean time per level.
                   A        B        C        D        E       F      G
               +--------+--------+--------+--------+--------+-----+--------+
         Total |   6702 |   6574 |    128 |    150 |   4531 |   9 |  744.7 |
       Dungeon |   6377 |   6249 |    128 |    150 |   4314 |   7 |  911.0 |
        Temple |     82 |     82 |      0 |      0 |     64 |   1 |   82.0 |
         Sewer |    242 |    242 |      0 |      0 |    153 |   1 |  242.0 |
               +--------+--------+--------+--------+--------+-----+--------+

Top non-repeatable levels by time:
     D:3: 1174 daAuts
     D:5: 1078 daAuts
     D:6: 1076 daAuts
     D:1: 1075 daAuts
     D:2: 991 daAuts
     D:4: 833 daAuts
   Sewer: 242 daAuts
     D:7: 146 daAuts
  Temple: 82 daAuts
